[Event "Early-Titled-Tuesday-Blitz-February-06-2024"]
[Site "Chess.com"]
[Date "2024.02.06"]
[Round "11"]
[White "Chesstiger64"]
[Black "topce"]
[Result "1-0"]
[WhiteElo "2291"]
[BlackElo "2376"]
[TimeControl "180+1"]
[EndTime "10:07:58 PST"]
[Termination "Chesstiger64 won by resignation"]

1. d4 Nf6 2. Nf3 e6 3. e3 c5 4. Bd3 b6 5. c3 Bb7 6. Nbd2 Be7 7. Qe2 O-O 8. e4 d6 9. O-O Nbd7 10. a4 e5 11.
dxe5 Nxe5 12. Nxe5 dxe5 13. Nc4 Qc7 14. Bg5 h6 15.
Bxf6 Bxf6 16. Ne3 g6 17. f3 Rad8 18. Bc4 Bg5 19. Nd5 Bxd5 20. Bxd5 Kg7 21. Rfd1 Rd6 22. g3 h5 23. h4 Bf6 24. Rd3 Rfd8 25. Rad1 c4 26.
R3d2 Qc5+ 27. Kg2 Rc8 28. Ra1 a6 29. Rdd1 Rc7 30. Qf2 Qxf2+ 31. Kxf2 Rdd7 32. Rh1 Be7 33. Ke2 f5 34. Be6 Rd3 35. exf5 b5 36. axb5 axb5 37.
fxg6 Kxg6 38. Ra6 Rd6 39. Rxd6 Bxd6 40. Ra1 Kf6 41. Bd5 Rg7 42. Ra6 Ke7 43. Ra7+ Kf6 44. Rxg7 Kxg7 45. Bc6 b4 46. Bd5 bxc3 47. bxc3 Kf6 48.
Bxc4 Ba3 49. Ba6 Bb2 50. Kd3 Ba3 51. Bc8 Bc5 52. Ke2 Ba3 53. Bd7 Bc5 54. Be8 e4 55. Bxh5 Ke5 56. fxe4 Kxe4 57. Bg6+ Ke5 58. Kf3 Ba3 59. g4 Bb2 60. c4 Bd4 61. Bf7 Kf6 62. Bd5 Bc5 63. g5+ Kg6 64. Kg4 Bd4 65. h5+ Kg7 66.
h6+ Kh8 67. g6 Bc3 68. g7+ Bxg7 69. hxg7+ Kxg7 70. Kf5 Kf8 71. Ke6 Ke8 72. Kd6 Kd8 73. Bb7 Ke8 74. Kc7 Ke7 75. Bc8 Kf6 76. Bh3 Ke5 77.
c5 Kd4 78. c6 Kc5 79. Kd7 Kb6 80. c7 Kb7 81. c8=N Kb8 82. Kc6 Ka8 83. Kb6 Kb8 84. Nd6 Ka8 85. Ne4 Kb8 86. Nc5 Ka8 87. Bg4 Kb8 88.
Na6+ 1-0

[Event "Early-Titled-Tuesday-Blitz-February-06-2024"]
[Site "Chess.com"]
[Date "2024.02.06"]
[Round "11"]
[White "RantomOpening"]
[Black "ploxoi"]
[Result "0-1"]
[WhiteElo "2529"]
[BlackElo "2461"]
[TimeControl "180+1"]
[EndTime "10:07:59 PST"]
[Termination "ploxoi won on time"]

1. d4 e6 2. Nf3 d5 3. Bg5 Be7 4. Bxe7 Qxe7 5. c4 Nf6 6. Nbd2 O-O 7. g3 c5 8. dxc5 Qxc5 9. Bg2 Nc6 10. Rc1 Rd8 11. O-O e5 12. cxd5 Qxd5 13. Qb3 e4 14. Qxd5 Rxd5 15. Nb3 exf3 16. Bxf3 Rd8 17. Bxc6 bxc6 18. Rxc6 Be6 19. Nc5 Bxa2 20. Ra1 Bd5 21. Rca6 Rdc8 22. b4 Rab8 23. Nd3 Bc4 24. Rxa7 Bxd3 25.
exd3 Rxb4 26. Ra8 Rbb8 27. Rxb8 Rxb8 28. Ra2 Rd8 29. Rd2 Ng4 30. Kf1 Ne5 31. Ke2 f6 32. f4 Nc6 33. Rb2 Re8+ 34. Kf2 Nd4 35. Rb7 Re2+ 36. Kg1 Nf3+ 37. Kf1 Rxh2 38. Rb8+ Kf7 39.
f5 Ne5 40. Rc8 Rd2 41. Rc7+ Kf8 42. Rc8+ Ke7 43. Rc7+ Nd7 44. Rc3 Kd6 45. Ra3 h5 46. Ra6+ Kd5 47. Ra7 Kd6 48. Ra6+ Ke5 49. Re6+ Kxf5 50.
Re7 Rxd3 51. Rxg7 Ne5 52. Kf2 Rf3+ 53. Kg2 Ra3 54. Rh7 Kg5 55. Rg7+ Ng6 56. Kh3 h4 57. Rc7 Rxg3+ 58. Kh2 Ra3 59. Rc2 f5 60. Rg2+ Kh5 61. Rb2 Nf4 62. Rb8 Ra2+ 63. Kh1 Kg4 64. Rg8+ Kf3 65.
Rg1 Rf2 66. Re1 Nd3 67. Rg1 Ke2 68. Rg8 f4 69. Re8+ Kf3 70. Rg8 Rf1+ 71. Kh2 Ne5 72. Rg2 Ng4+ 73. Rxg4 Kxg4 74. Kg2 Ra1 75. Kh2 Ra2+ 76.
Kg1 Kg3 77. Kf1 h3 0-1

[Event "Early-Titled-Tuesday-Blitz-February-06-2024"]
[Site "Chess.com"]
[Date "2024.02.06"]
[Round "11"]
[White "BestestBP"]
[Black "Nick12772"]
[Result "0-1"]
[WhiteElo "2253"]
[BlackElo "2378"]
[TimeControl "180+1"]
[EndTime "10:07:59 PST"]
[Termination "Nick12772 won by checkmate"]

1. e4 e6 2. e5 d5 3. exd6 Bxd6 4.
d4 c5 5. dxc5 Bxc5 6. Qxd8+ Kxd8 7. Nf3 Nf6 8. Bg5 Ke7 9. Nc3 h6 10. Bxf6+ gxf6 11. Na4 Bd6 12. O-O-O Nc6 13. Bb5 Bd7 14.
Nc3 a6 15. Ba4 b5 16. Bb3 Na5 17. Ne4 Nxb3+ 18. axb3 Bf4+ 19. Kb1 Bc6 20. Nc5 a5 21. Nd4 Be8 22. Rhe1 Rc8 23. Nd3 Bb8 24. Nf5+ Kf8 25. Ne3 Bc6 26. f3 Bxh2 27. Ng4 Bg3 28. Re2 Kg7 29. Rh1 h5 30. Ne3 a4 31. Rh3 Bb8 32. f4 axb3 33. cxb3 Be4 34. Nc2 Bxd3 35. Rxd3 Bxf4 36.
Rf3 e5 37. g3 Bg5 38. b4 Rhd8 39. Rh2 Ra8 40. Rh1 Rd2 41. Rc3 Rg2 42. Na3 Rd8 43. Nxb5 Rdd2 44. Rb3 e4 45. Nc3 e3 46. b5 e2 47. Nxe2 Rdxe2 48. b6 Re8 49. b7 Rb8 50. Rd1 h4 51. gxh4 Bxh4 52. Rd4 Bg5 53. Ra4 Re2 54. Ra8 Ree8 55. Rc3 Rxa8 56. bxa8=Q Rxa8 57. b4 Rb8 58. Rb3 Bf4 59. b5 Bc7 60. Kb2 Bb6 61. Kc3 f5 62. Kb4 Kf6 63. Rf3 Ke5 64. Rf1 f4 65. Re1+ Be3 66.
Ka5 Ke4 67. Ka6 Ra8+ 68. Kb7 Ra5 69. Rb1 f3 70. b6 f2 71. Kc6 Ra6 72. Rb4+ Kd3 73.
Rb1 Rxb6+ 74. Rxb6 Bxb6 75. Kxb6 f1=Q 76. Kc5 Qe2 77.
Kb6 Qe5 78. Kb7 Qc5 79. Ka6 Qb4 80. Ka7 Kc4 81. Ka8 Kc5 82. Ka7 Kc6 83. Ka8 Qb7# 0-1

[Event "Early-Titled-Tuesday-Blitz-February-06-2024"]
[Site "Chess.com"]
[Date "2024.02.06"]
[Round "11"]
[White "AnishOnYoutube"]
[Black "yosephtaher"]
[Result "0-1"]
[WhiteElo "3008"]
[BlackElo "2913"]
[TimeControl "180+1"]
[EndTime "10:08:01 PST"]
[Termination "yosephtaher won by resignation"]

1. d4 Nf6 2. c4 e6 3. Nf3 c5 4. e3 d5 5. Nc3 Nc6 6. cxd5 exd5 7. Bb5 Bd6 8. dxc5 Bxc5 9. O-O O-O 10. b3 d4 11. Na4 Qd5 12. Bc4 Qd6 13. Nxc5 Qxc5 14. exd4 Qh5 15. Ne5 Ng4 16. h3 Ncxe5 17. hxg4 Nxg4 18.
Bf4 Be6 19. Qf3 Rad8 20. Rad1 Bd5 21. Qg3 Rd7 22. Rfe1 Nf6 23. Be5 Qh6 24. Bb5 Bc6 25. Bxc6 bxc6 26. Rc1 Nh5 27. Qg4 Re7 28. Red1 Rfe8 29.
Qf3 Re6 30. Rc5 f6 31. g4 fxe5 32. gxh5 Rf6 33. Qh3 Qg5+ 34. Kh1 Rf4 35. Rg1 Qf6 36.
dxe5 Qe7 37. Rc4 Rxc4 38. bxc4 Qxe5 39. h6 g6 40. Qg4 Qe4+ 41. Kh2 Qe5+ 42. Kh3 Rf8 43.
Rg3 Rxf2 44. Qc8+ Rf8 45. Qxc6 Qh5+ 46. Kg2 Qe2+ 47. Kh3 Qf1+ 48. Qg2 Qf5+ 49. Kh2 Qf4 50. Qd5+ Kh8 51. Kh3 Qxh6+ 52. Kg2 Qf4 53. c5 Qf1+ 54.
Kh2 Rf2+ 55. Rg2 Rxg2+ 56. Qxg2 Qf4+ 57. Qg3 Qd2+ 58. Kh3 Qd7+ 59. Kh2 Kg7 60. Qe5+ Kf7 61. Kg3 Qd3+ 62. Kf4 Qf5+ 63. Qxf5+ gxf5 64. Kxf5 Ke7 65. Kg5 Kd7 66. Kh6 Kc6 67. Kxh7 Kxc5 68. Kg6 Kb4 69.
Kf5 Ka3 70. Ke4 Kxa2 71. Kd4 Kb3 72. Kd3 a5 73. Kd2 Kb2 0-1

[Event "Early-Titled-Tuesday-Blitz-February-06-2024"]
[Site "Chess.com"]
[Date "2024.02.06"]
[Round "11"]
[White "PepeCuenca"]
[Black "Nf3c5"]
[Result "1-0"]
[WhiteElo "2695"]
[BlackElo "2549"]
[TimeControl "180+1"]
[EndTime "10:08:01 PST"]
[Termination "PepeCuenca won by resignation"]

1. d4 Nf6 2. c4 e6 3. Nf3 c5 4. d5 exd5 5. cxd5 d6 6. Nc3 g6 7.
Bf4 a6 8. a4 Bg7 9. h3 O-O 10. e3 Qe7 11. Nd2 Nbd7 12. Be2 Ne5 13. O-O Ne8 14. Bh2 f5 15. Re1 Rb8 16. a5 Bd7 17. Qb3 Qd8 18. f4 Nf7 19. Nc4 Nc7 20. Nb6 Na8 21. Nc4 Nc7 22. Bf3 Bb5 23. Nb6 Re8 24. Kh1 Bd7 25. e4 fxe4 26. Bxe4 Nb5 27. Nxb5 Bxb5 28. Qc2 Qh4 29. Qd2 Re7 30. Bf3 Rbe8 31.
Rxe7 Qxe7 32. Bg3 Qe3 33. Rd1 Qxd2 34. Rxd2 Bd4 35. f5 gxf5 36. Bh5 Be5 37. Bxe5 Rxe5 38. Nc8 Re1+ 39. Kh2 Re5 40. Bxf7+ Kxf7 41. Nxd6+ Ke7 42. Nxb7 c4 43. Nc5 Kd6 44. Nb7+ Kc7 45. d6+ Kxb7 46. d7 Bxd7 47. Rxd7+ Kc6 48. Rxh7 Re2 49. Rh5 Rxb2 50. Rxf5 Rb5 51. Rf3 Kc5 52. g4 Kb4 53. h4 c3 54. h5 c2 55. Rf1 Kc3 56. Rc1 Rb1 57. Rxc2+ Kxc2 58. Kg3 Rb5 59. Kf4 Rxa5 60. g5 Ra1 61. h6 Rf1+ 62. Ke5 a5 63.
h7 Rh1 64. g6 a4 65. g7 Rh5+ 66. Kf6 Rh6+ 67. Kg5 Rxh7 68. g8=Q Rc7 69. Qa2+ Kc3 70. Qa3+ Kc4 71. Qc1+ Kb5 72. Qxc7 a3 73. Qc2 1-0

[Event "Early-Titled-Tuesday-Blitz-February-06-2024"]
[Site "Chess.com"]
[Date "2024.02.06"]
[Round "11"]
[White "DavidGavrilescu18"]
[Black "vishwa_vijeta"]
[Result "0-1"]
[WhiteElo "2764"]
[BlackElo "2613"]
[TimeControl "180+1"]
[EndTime "10:08:08 PST"]
[Termination "vishwa_vijeta won by checkmate"]

1. Nc3 c5 2. Nf3 g6 3. d4 cxd4 4. Qxd4 Nf6 5. Bg5 Bg7 6. O-O-O Nc6 7. Qd2 O-O 8. h4 h5 9. e4 d6 10. Bd3 Qa5 11. Kb1 Be6 12. a3 Rab8 13. Bxf6 Bxf6 14. Nd5 Bxd5 15. Qxa5 Nxa5 16. exd5 b5 17. Nd2 b4 18. a4 Rfc8 19. g4 hxg4 20. Rdg1 b3 21. c3 Bxc3 22. bxc3 Rxc3 23. Rg3 Rb4 24. h5 Rd4 25. hxg6 Rcxd3 26. Ne4 Rxg3 27. Nxg3 fxg6 28. Re1 Nc4 29. Nf1 Rxd5 30. Ne3 Nxe3 31. Rxe3 e5 32. Rxb3 Rd2 33. Rb4 Rxf2 34. Rxg4 Kf7 35. Rc4 g5 36. a5 Ke6 37. a6 Rf7 38. Rb4 Rg7 39. Rb7 Kf6 40.
Kc2 g4 41. Kd2 g3 42. Ke2 g2 43. Rxg7 Kxg7 44. Kf2 Kf6 45. Kxg2 Ke6 46. Kf3 Kd5 47. Ke3 Kc6 48. Ke4 Kb6 49. Kd5 Kxa6 50. Kxd6 Kb5 51. Kxe5 Kb4 52. Kd4 a5 53. Kd3 Kb3 54. Kd2 Kb2 55. Kd3 a4 56. Kc4 a3 57. Kb4 a2 58.
Kc4 a1=Q 59. Kd4 Kc2+ 60. Kd5 Qa4 61. Ke6 Kd3 62. Kd6 Qa5 63. Kc6 Kc4 64. Kd6 Qb5 65.
Ke7 Kd5 66. Kf6 Ke4 67. Ke6 Qc6+ 68. Ke7 Ke5 69. Kf7 Qd6 70. Kg7 Kf5 71. Kf7 Qc7+ 72. Ke8 Ke6 73. Kf8 Qe7+ 74. Kg8 Kf6 75. Kh8 Qg7# 0-1

[Event "Early-Titled-Tuesday-Blitz-February-06-2024"]
[Site "Chess.com"]
[Date "2024.02.06"]
[Round "11"]
[White "Gryffindorac8"]
[Black "IngOscarArdila"]
[Result "1-0"]
[WhiteElo "2353"]
[BlackElo "2205"]
[TimeControl "180+1"]
[EndTime "10:08:08 PST"]
[Termination "Gryffindorac8 won by checkmate"]

1. d4 Nf6 2. c4 e6 3. Nf3 Bb4+ 4. Bd2 Qe7 5. g3 O-O 6. Bg2 Bxd2+ 7. Qxd2 d6 8. O-O Nbd7 9. Nc3 e5 10. e4 Re8 11.
Rfe1 exd4 12. Nxd4 Ne5 13. b3 Bd7 14. h3 c5 15.
Nde2 Bc6 16. Nd5 Nxd5 17. cxd5 Bb5 18. Nc3 Ba6 19. f4 Nd3 20. Re3 Qf6 21. Rxd3 Bxd3 22. Qxd3 a6 23. a4 h5 24. h4 b6 25. Re1 Qg6 26.
Kh2 Kh8 27. Qd2 Rab8 28. e5 b5 29. axb5 axb5 30. exd6 Qxd6 31. Nxb5 Qd7 32. Rxe8+ Qxe8 33. Nc7 Qd7 34. d6 Rxb3 35. Qd5 Rb6 36. Qxh5+ Kg8 37. Qxc5 Rxd6 38. Nd5 Kh7 39. Qc2+ Kg8 40. Qe4 Kf8 41. Ne3 Rd2 42. Qa8+ Qd8 43. Qxd8+ Rxd8 44. Nf1 g6 45. Kg1 Rb8 46. Kf2 Rb2+ 47. Kf3 Kg7 48. Ne3 Rb3 49. Bf1 Rb1 50. Bc4 Rc1 51. Ke4 Rc3 52. Bd5 Rc1 53. Kf3 Ra1 54. Be4 Ra4 55. g4 Ra3 56. h5 Ra1 57.
hxg6 fxg6 58. Bd5 Ra5 59. Ke4 Ra4+ 60. Nc4 Ra1 61. Ke5 Rg1 62. g5 Re1+ 63. Be4 Rc1 64.
Nd6 Rc5+ 65. Kd4 Ra5 66. Ne8+ Kf7 67. Nf6 Ra4+ 68. Ke3 Ra3+ 69. Bd3 Rc3 70. Ng4 Ra3 71. Ne5+ Kg7 72. Nxg6 Ra1 73. Ne5 Re1+ 74. Kd4 Rf1 75. f5 Rf4+ 76. Kd5 Rg4 77. f6+ Kf8 78. g6 Kg8 79. f7+ Kf8 80. Nd7+ Kg7 81. f8=Q# 1-0

[Event "Early-Titled-Tuesday-Blitz-February-06-2024"]
[Site "Chess.com"]
[Date "2024.02.06"]
[Round "11"]
[White "chess123456s"]
[Black "FaustinoOro"]
[Result "0-1"]
[WhiteElo "2564"]
[BlackElo "2767"]
[TimeControl "180+1"]
[EndTime "10:08:10 PST"]
[Termination "FaustinoOro won by checkmate"]

1. d4 Nf6 2. Nc3 d5 3. Bf4 a6 4. e3 e6 5. a3 Bd6 6. Bxd6 Qxd6 7. Nf3 c5 8. Bd3 O-O 9. O-O Nc6 10. dxc5 Qxc5 11. e4 d4 12. Ne2 e5 13. Ng3 h6 14.
Nh4 Be6 15. Nhf5 Kh7 16. Qd2 Ne7 17. Nxe7 Qxe7 18. f4 Ng4 19. fxe5 Nxe5 20. Qf4 f6 21. Nf5 Bxf5 22. Qxf5+ Kh8 23. Kh1 Rac8 24. Rf2 Rc5 25. Qh3 Qd7 26. Qg3 Qg4 27. Qxg4 Nxg4 28. Rf4 Ne5 29.
Raf1 Rfc8 30. R4f2 Kg8 31. h3 Kf7 32. g4 Ke6 33.
Kh2 b5 34. Kg3 a5 35. Ra1 Kd6 36. Kg2 Rb8 37. b4 axb4 38. axb4 Rc3 39. Ra7 Rc7 40.
Ra6+ Ke7 41. Rf1 Nc6 42. Rb1 Kd6 43. h4 Ke5 44. Kg3 Kd6 45. Kg2 Ke7 46. Kg3 Rbb7 47. Rb2 Ne5 48. Ra5 Rc3 49. Kg2 Nxd3 50. cxd3 Rxd3 51.
Raa2 Re3 52. Re2 Rxe2+ 53. Rxe2 Rc7 54. e5 Rc4 55. exf6+ Kxf6 56. Rf2+ Kg6 57. h5+ Kh7 58.
Rf5 Rxb4 59. Rd5 Kg8 60. Kg3 Kf7 61. Rd7+ Kf6 62. Kh4 Rc4 63. Rd6+ Kf7 64. Rd7+ Kg8 65. Rd8+ Kh7 66. Rd5 b4 67. Rb5 d3 68. Rd5 Rc3 69.
g5 hxg5+ 70. Kxg5 b3 71. Rd7 b2 72. Rb7 d2 73. h6 Rc5+ 74. Kg4 d1=Q+ 75. Kh3 Qf3+ 76. Kh2 Rh5+ 77. Kg1 Rh1# 0-1

[Event "Early-Titled-Tuesday-Blitz-February-06-2024"]
[Site "Chess.com"]
[Date "2024.02.06"]
[Round "11"]
[White "rasmussvane"]
[Black "xamax2000"]
[Result "0-1"]
[WhiteElo "2973"]
[BlackElo "2891"]
[TimeControl "180+1"]
[EndTime "10:08:12 PST"]
[Termination "xamax2000 won on time"]

1. Nf3 Nf6 2. g3 g6 3. Bg2 Bg7 4. O-O O-O 5. d4 d6 6. Re1 Nbd7 7. e4 e5 8. Nc3 b6 9. a4 a5 10. b3 Re8 11. h3 Bb7 12. dxe5 Nxe5 13. Nxe5 dxe5 14. Qe2 Bf8 15. Rd1 Qc8 16. Bg5 Qe6 17.
Nd5 Nxd5 18. exd5 Qd7 19. Be3 Bd6 20. Rac1 Qe7 21. h4 f5 22. Bg5 Qg7 23. Be3 Rf8 24.
Bd2 Rae8 25. Re1 h6 26. Bc3 Qf7 27. Qc4 e4 28. Rcd1 Bc5 29. b4 axb4 30. Bxb4 Bxb4 31.
Qxb4 Bxd5 32. Qd2 Bc6 33. Qxh6 Bxa4 34. Rd2 Qg7 35. Qe3 Qf6 36. Qf4 Re7 37. Bf1 Rfe8 38. Re3 Kg7 39. Be2 Qe5 40. Qg5 Qf6 41. Qf4 Bc6 42.
Kh2 Rh8 43. Kg1 Be8 44. Rd1 Bf7 45. Bf1 Ra8 46. Ree1 Ra2 47. Rc1 Rd7 48. Bh3 Qd6 49. Qg5 Qf6 50. Qf4 c5 51. h5 Rd4 52. hxg6 Bxg6 53.
Red1 Rxc2 54. Rb1 Rb2 55. Rbc1 Rd3 56. Bf1 Rd4 57. Ra1 Rbb4 58. Ra7+ Bf7 59. Rda1 Qd6 60. Qg5+ Qg6 61. Qf4 Qf6 62. Rc7 e3 63. Qxe3 Re4 64.
Qc1 Re7 65. Raa7 Rbe4 66. Bd3 Re1+ 67. Qxe1 Rxe1+ 68. Kg2 Re4 69. Bc2 Rd4 70. Bb3 c4 71.
Bxc4 Rxc4 72. Rxc4 Kg6 73. Rcc7 Bd5+ 74. Kg1 Qd4 75.
Rc1 Qe4 76. f3 Qe3+ 77. Kh2 Qxc1 0-1

[Event "Early-Titled-Tuesday-Blitz-February-06-2024"]
[Site "Chess.com"]
[Date "2024.02.06"]
[Round "11"]
[White "nihalsarin"]
[Black "h4parah5"]
[Result "0-1"]
[WhiteElo "3107"]
[BlackElo "2970"]
[TimeControl "180+1"]
[EndTime "10:08:13 PST"]
[Termination "h4parah5 won by resignation"]

1. a3 Nf6 2. Nf3 d5 3. e3 Bf5 4. c4 e6 5. Qb3 Qc8 6. cxd5 exd5 7. Nc3 c6 8. Be2 Be7 9. O-O O-O 10. d3 Re8 11. Qd1 a5 12. b3 Na6 13. Bb2 h6 14.
Na4 Qd8 15. Rc1 Bh7 16. h3 Rc8 17. d4 b5 18. Nc5 Nxc5 19. dxc5 Ne4 20. b4 Bf5 21. Nd4 Bd7 22. Nb3 axb4 23. axb4 Ra8 24. Ra1 Qc7 25. Qc2 Rxa1 26. Bxa1 Ra8 27. Bd4 Ng5 28. f4 Ne4 29. Bd3 Bf5 30. Be5 Qd7 31.
Nd4 Bh7 32. f5 Bf6 33. Bxf6 Nxf6 34. Qb2 Qe8 35. Rf3 h5 36. Nc2 Nd7 37. Rf1 Qe5 38. Qd4 g5 39. fxg6 Bxg6 40. Bxg6 fxg6 41. Qxe5 Nxe5 42.
Rf6 Re8 43. Nd4 Kg7 44. Rd6 Nc4 45. Rxc6 Rxe3 46. Nxb5 Rb3 47. Nc7 Rxb4 48. Nxd5 Rb1+ 49. Kh2 Nd2 50. Kg3 Rc1 51. Rc7+ Kh6 52. c6 Kg5 53. h4+ Kf5 54. Rc8 Ne4+ 55. Kf3 Nd6 56. Rf8+ Ke5 57. Nf4 Rc3+ 58. Ke2 Rxc6 59. Nxg6+ Ke4 60. Rf4+ Kd5 61. Ra4 Rc4 62. Kf3 Rxa4 63. Nf4+ Ke5 64. Nxh5 Rxh4 65.
Ng3 Nf5 66. Ne2 Rb4 67. Ng1 Rb3+ 68. Kf2 Kf4 69. Ne2+ Kg4 70. Nc1 Rb2+ 71. Ke1 Rxg2 72. Nd3 Nd4 73. Kf1 Ra2 74. Ke1 Kf3 75. Kd1 Ke3 0-1

[Event "Early-Titled-Tuesday-Blitz-February-06-2024"]
[Site "Chess.com"]
[Date "2024.02.06"]
[Round "11"]
[White "atomicmate123"]
[Black "ExchangeAB"]
[Result "1/2-1/2"]
[WhiteElo "2347"]
[BlackElo "2422"]
[TimeControl "180+1"]
[EndTime "10:08:18 PST"]
[Termination "Game drawn by repetition"]

1. e4 c6 2. d4 d5 3. exd5 cxd5 4. Bd3 Nf6 5. Bf4 Nc6 6. c3 Bg4 7. Qb3 Qd7 8. Nd2 e6 9. Ngf3 Bxf3 10. Nxf3 Bd6 11. Bg3 O-O 12. O-O Rab8 13. Rfe1 Bxg3 14. hxg3 Qc7 15. Ne5 Nxe5 16. dxe5 Nd7 17. Qc2 g6 18.
Qe2 b5 19. a3 a5 20. Rac1 Nc5 21. Bc2 Qb6 22. b4 Nd7 23. Bd3 a4 24. Rc2 Rfc8 25. Rec1 Qc6 26. Kh1 Rc7 27. f4 Kg7 28. Qf1 Qb6 29.
Qe2 h5 30. Qf3 Rcc8 31. Qe2 Rh8 32. Qf3 Rh6 33. Qf2 Qxf2 34. Rxf2 Kf8 35. Be2 Ke7 36. Rf3 Rhh8 37. Rd3 Rhc8 38. Rd2 Kd8 39. f5 gxf5 40. Kg1 Ke7 41. Bxh5 Nxe5 42. Re2 Nc4 43. Bf3 Kf6 44. Ra1 Ne5 45. Re3 Nxf3+ 46. gxf3 Rc4 47. Rd1 Rg8 48. Kf2 f4 49. gxf4 Rxf4 50. Rd4 Rf5 51. Rh4 Rfg5 52. Ke2 Rg2+ 53. Kd3 Ra2 54. Kd4 Rxa3 55.
Kc5 Rb8 56. Rh6+ Ke7 57. Rh5 Ra1 58. f4 a3 59. f5 Rf1 60. fxe6 fxe6 61. Rh7+ Rf7 62.
Rh6 a2 63. Rexe6+ Kf8 64. Rh1 Kg7 65. Rg1+ Kh8 66. Rh6+ Rh7 67. Rhg6 Ra8 68. Ra1 Rg7 69. Rxg7 Kxg7 70. Kxb5 Kf6 71. Kc5 Ke5 72. b5 Rc8+ 73.
Kb4 Ra8 74. b6 Kd6 75. Kb5 Ra3 76. Kb4 Ra6 77. Kb5 Ra3 78. Kb4 Ra6 79. Kb5 Ra3 1/2-1/2

[Event "Early-Titled-Tuesday-Blitz-February-06-2024"]
[Site "Chess.com"]
[Date "2024.02.06"]
[Round "11"]
[White "starworld123"]
[Black "Polish_fighter3000"]
[Result "0-1"]
[WhiteElo "2831"]
[BlackElo "3051"]
[TimeControl "180+1"]
[EndTime "10:08:24 PST"]
[Termination "Polish_fighter3000 won by resignation"]

1. Nf3 c6 2. c4 Na6 3. e4 Nc7 4. d4 f6 5. Nc3 g6 6. Be2 Nh6 7. O-O Nf7 8. d5 e5 9. dxe6 dxe6 10. Qxd8+ Kxd8 11. Rd1+ Ke7 12. Be3 e5 13. Rac1 Ne6 14. b4 Bh6 15. Bxh6 Nxh6 16. c5 a5 17. b5 Nf7 18.
Na4 Nf4 19. Bf1 Bg4 20. Nb6 Rad8 21. Nc4 Bxf3 22. gxf3 Ng5 23. Nxa5 Nxf3+ 24. Kh1 cxb5 25. Nxb7 Rxd1 26. Rxd1 Ra8 27. c6 Nd4 28. Rc1 Nfe6 29. Kg1 Nc7 30. Ra1 Ra3 31. Nc5 g5 32. Nd3 g4 33.
Nb4 Kd6 34. Rc1 h5 35. Nd5 Rxa2 36. Nxf6 b4 37. Bc4 b3 38. Rd1 Kxc6 39. Rxd4 exd4 40. Bxb3 Ra1+ 41. Kg2 d3 42. Nxh5 d2 43. Ng3 Kc5 44.
Nf5 d1=Q 45. Bxd1 Rxd1 46. Ne3 Re1 47. Kg3 Rg1+ 48. Kf4 Ne6+ 49. Ke5 Nd4 50. Kf6 Re1 51.
e5 Re2 52. Nxg4 Nf3 53. e6 Kd6 54. Ne3 Rxf2 55. Nf5+ Kc6 56. e7 Kd7 57. Kf7 Ne5+ 58. Kf6 Ng4+ 59. Kg5 Nxh2 60. Kf6 Ng4+ 61. Kg5 Ne5 62.
Kf6 Nc6 63. Kg5 Nxe7 64. Ne3 Re2 65. Ng4 Ra2 66. Kf4 Kd8 67. Kg5 Nc8 68. Nf6 Nb6 69.
Kf5 Nd7 70. Nd5 Ra5 71. Ke6 Nf8+ 72. Kd6 Nd7 73. Ke6 Ra6+ 74. Kf5 Rd6 75. Nf4 Rf6+ 76. Kg5 Ke8 77. Nd5 Rf1 78. Nf4 Ke7 79. Ng6+ Kd6 80.
Nf4 Nc5 81. Nh5 Ke5 82. Ng3 Ne4+ 83. Kh4 Nxg3 84. Kxg3 0-1

[Event "Early-Titled-Tuesday-Blitz-February-06-2024"]
[Site "Chess.com"]
[Date "2024.02.06"]
[Round "11"]
[White "igorknyazev"]
[Black "kai_nov"]
[Result "0-1"]
[WhiteElo "2143"]
[BlackElo "2289"]
[TimeControl "180+1"]
[EndTime "10:08:33 PST"]
[Termination "kai_nov won on time"]

1. e4 c5 2. f4 d5 3. exd5 Nf6 4. Nf3 Nxd5 5. Bc4 e6 6. O-O Be7 7. d3 O-O 8. Nc3 Nc6 9. Ne4 Nb6 10. Bb3 a5 11. a3 a4 12. Ba2 Nd4 13. Be3 Nf5 14.
Bf2 Qc7 15. c3 Bd7 16. g4 Nd6 17. Nxc5 Bc6 18. Bxe6 fxe6 19. Nxe6 Qd7 20. Nxf8 Qxg4+ 21. Bg3 Nf5 22. Qe2 Nxg3 23. hxg3 Qxg3+ 24. Qg2 Qxg2+ 25. Kxg2 Rxf8 26. Kg3 Nd5 27. Ne5 Bd6 28. d4 Ne3 29. Rf2 Nf5+ 30. Kg4 Bxe5 31. dxe5 Ne3+ 32. Kg3 h5 33.
Re1 Nf5+ 34. Kh2 Rd8 35. e6 Kf8 36. Re5 g6 37. Rfe2 Ke7 38. Re1 Rd3 39. R1e2 Rd6 40. Kg1 Rd1+ 41. Kf2 Rh1 42. Re1 Rxe1 43. Rxe1 Bd5 44.
Rg1 Kf6 45. e7 Nxe7 46. Rd1 Bc6 47. Rd4 Nf5 48. Rb4 h4 49. b3 axb3 50. Rxb3 h3 51. Kg1 Kg7 52. Rb2 Kh6 53. Rh2 Bg2 54. a4 Ne3 55. a5 Ng4 56. Rxg2 hxg2 57. c4 Ne3 58. Kf2 Nxc4 59. Kxg2 Nxa5 60. Kf3 Kg7 61. Kg4 Kf6 62. f5 gxf5+ 63. Kf4 b5 64. Ke3 b4 65. Kd3 b3 66.
Kc3 f4 67. Kb2 f3 68. Kc1 f2 69. Kd2 f1=Q 70. Kc3 Qc4+ 71. Kb2 Qc2+ 72. Ka3 Qc5+ 73. Ka4 Qc6+ 0-1

[Event "Early-Titled-Tuesday-Blitz-February-06-2024"]
[Site "Chess.com"]
[Date "2024.02.06"]
[Round "11"]
[White "CFalcons8"]
[Black "Atousa"]
[Result "0-1"]
[WhiteElo "2336"]
[BlackElo "2479"]
[TimeControl "180+1"]
[EndTime "10:08:35 PST"]
[Termination "Atousa won on time"]

1. e4 c5 2. Nf3 e6 3. d4 cxd4 4. Nxd4 a6 5. Bd3 Nf6 6. O-O d6 7. c4 Be7 8. Nc3 O-O 9. f3 Nbd7 10. Be3 b6 11. b3 Bb7 12. Rc1 Rc8 13. Qd2 Qc7 14.
Rfd1 Rfe8 15. Bf2 Ne5 16. Be2 Nfd7 17. f4 Ng6 18. Bf3 Bf8 19. g3 e5 20. Nd5 Qd8 21.
Nf5 exf4 22. gxf4 Nc5 23. Re1 Ne6 24. Be3 Nc5 25. Qd4 Bxd5 26. exd5 Nh4 27. Nxh4 Qxh4 28.
Bf2 Qh3 29. Bg2 Qf5 30. Rxe8 Rxe8 31. Be3 Qd3 32. Bf2 Qf5 33. Rd1 g6 34. b4 Bg7 35.
Qd2 Ne4 36. Bxe4 Rxe4 37. Re1 Rxc4 38. Re8+ Bf8 39. Bxb6 Qb1+ 40. Re1 Qxb4 41. Qxb4 Rxb4 42. Be3 Re4 43. Kf2 f5 44. Rc1 Ra4 45. Rc2 Kf7 46.
Ke2 Be7 47. Kd3 Ra3+ 48. Ke2 Ra5 49. Rd2 Ke8 50. Bb6 Rb5 51. Be3 Kd7 52. a4 Rb3 53. Rc2 Bf6 54. Rc6 a5 55. Ra6 Rb2+ 56. Kf3 Bc3 57. Ra7+ Kc8 58. Rxh7 Rb3 59. Re7 Bd2 60. Ke2 Bxe3 61. Rxe3 Rb4 62. Re6 Kc7 63. Rxg6 Rxf4 64. Rg7+ Kb6 65. Ke3 Rxa4 66. Rf7 Rh4 67. Rxf5 Rxh2 68.
Rf8 Kc5 69. Ra8 Ra2 70. Ke4 Ra4+ 71. Kd3 Kxd5 72. Kc3 Kc5 73. Kb3 Rb4+ 74. Kc3 Rb5 75. Rc8+ Kd5 76. Kd3 a4 77. Ra8 Rb3+ 78. Kc2 Rb4 79. Kc3 Rh4 80. Ra5+ Kc6 0-1

[Event "Early-Titled-Tuesday-Blitz-February-06-2024"]
[Site "Chess.com"]
[Date "2024.02.06"]
[Round "11"]
[White "carloseduar100"]
[Black "mortngabriel"]
[Result "0-1"]
[WhiteElo "2338"]
[BlackElo "2516"]
[TimeControl "180+1"]
[EndTime "10:08:38 PST"]
[Termination "mortngabriel won by checkmate"]

1. e4 c5 2. Nf3 Nc6 3. d3 g6 4. g3 Bg7 5. Bg2 d6 6. O-O Nf6 7. Re1 Nd7 8. c3 O-O 9. d4 cxd4 10. cxd4 Rb8 11. Nc3 b5 12. a3 a5 13. Bg5 h6 14.
Bf4 b4 15. axb4 axb4 16. Nd5 e6 17. Bxd6 exd5 18. exd5 Na5 19. Qa4 Ra8 20. Bxf8 Nxf8 21. Ne5 Bb7 22. Qxb4 Bxd5 23. Bxd5 Qxd5 24. Qc5 Qd8 25. d5 Bxe5 26. Rxe5 Nd7 27. Qd6 Nxe5 28. Qxd8+ Rxd8 29. Rxa5 Nd3 30. Rb5 Ne1 31. f4 Nf3+ 32.
Kf2 Nd4 33. Rc5 Rb8 34. d6 Rxb2+ 35. Kf1 Ne6 36. Rc8+ Kg7 37. Ke1 Rb6 38. d7 Rd6 39. h4 Rxd7 40. Ra8 h5 41. Ra3 Nd4 42. Kf2 Nf5 43.
Kf3 Rb7 44. Kg2 Rb6 45. Kf3 Kf6 46. Kg2 Nd4 47. Kh3 Rb3 48. Ra6+ Kg7 49. Ra4 Nf5 50.
Kh2 Rxg3 51. Ra5 Rg4 52. Kh3 Rxf4 53. Kg2 Rxh4 54. Kg1 Rg4+ 55. Kf2 Nh6 56. Kf3 Rc4 57. Ra3 Rc6 58. Kg2 Rf6 59. Kh3 Rf5 60. Kh4 Ng8 61. Ra7 Nf6 62. Kh3 Ne4 63. Kh2 Ng5 64. Ra6 Nf3+ 65. Kg3 Kh6 66. Ra3 Kg5 67. Ra4 h4+ 68.
Kh3 Kh5 69. Rc4 g5 70. Ra4 f6 71. Ra8 g4+ 72. Kg2 Kg5 73. Ra4 h3+ 74. Kg3 Ng1 75. Rxg4+ Kh5 76. Rh4+ Kg6 77. Rg4+ Rg5 78. Rxg5+ fxg5 79. Kh2 g4 80. Kxg1 Kg5 81. Kf2 Kh4 82. Kg1 g3 83. Kh1 Kg4 84. Kg1 Kf4 85. Kf1 Kf3 86. Kg1 h2+ 87. Kh1 g2+ 88. Kxh2 Kf2 89. Kh3 g1=Q 90. Kh4 Kf3 91. Kh5 Kf4 92. Kh4 Kf5 93. Kh3 Kf4 94. Kh4 Qh1# 0-1